AoeStats
← Leão

Socotra

504838584Analyzed
4v4 RM · 25d ago on Sep 6, 2026· 34m 47s· 8 players
Game mode
Random Map
Map size
148×148
Population
200
Speed
Normal
Resources
Standard
Victory
Conquest
Starting age
Dark Age
Ending age
Imperial Age
RankedLock teamsTeams togetherTeam positionsShared explorationLock speedFull tech treeHidden civsTurbo modeCheats
Victory
Defeat
🇨🇴 Sicilians · Colombia
1307
+13
🇪🇸 Maya · Spain
1245
+16
🇦🇷 Celts · Argentina
1240
+16
🇨🇳 Magyars · China
1240
+16
🇧🇷 Saracens · Brazil
1283
-17
🇧🇷 Bulgarians · Brazil
1238
-15
🇧🇷 Persians · Brazil
1236
-15
🇧🇷 Georgians · Brazil
1215
-14
JANGEL4107
0:27 Loom
29:00 Feudal Age
29:56 Horse Collar
30:04 Double-Bit Axe
31:45 Wheelbarrow
33:31 Town Watch
36:23 Castle Age
秋意凛
7:12 Loom
9:10 Feudal Age
9:53 Double-Bit Axe
14:21 Bloodlines
16:15 Scale Barding Armor
22:58 Castle Age
21:10 Horse Collar
23:08 Gold Mining
24:07 Wheelbarrow
23:08 Light Cavalry
24:14 Chain Barding Armor
24:06 Husbandry
28:57 Bow Saw
37:46 Imperial Age
ZuCo [Txan]
0:32 Loom
10:49 Feudal Age
11:36 Double-Bit Axe
14:43 Gold Mining
15:10 Padded Archer Armor
15:19 Fletching
22:03 Castle Age
22:07 Crossbowman
23:19 Bow Saw
26:15 Ballistics
27:15 Wheelbarrow
31:30 Thumb Ring
31:50 Stone Mining
34:42 Hand Cart
34:21 Horse Collar
34:59 Bodkin Arrow
Weafol
3:45 Loom
19:52 Feudal Age
24:00 Castle Age
22:07 Gold Mining
22:00 Horse Collar
22:08 Double-Bit Axe
25:14 Bow Saw
25:41 Gold Shaft Mining
25:09 Heavy Plow
27:48 Wheelbarrow
26:50 Pikeman
28:52 Scale Mail Armor
33:01 Hand Cart
BRAZILBIKINI
7:53 Loom
10:31 Feudal Age
18:37 Double-Bit Axe
25:19 Castle Age
25:20 Bloodlines
LzDazz
6:55 Loom
9:06 Feudal Age
10:11 Double-Bit Axe
10:09 Horse Collar
17:33 Wheelbarrow
18:55 Scale Barding Armor
21:02 Castle Age
19:51 Scale Barding Armor
21:05 Light Cavalry
22:16 Bloodlines
22:55 Forging
23:52 Chain Barding Armor
28:41 Bow Saw
32:52 Gold Mining
Portel4
7:30 Loom
10:19 Feudal Age
Leão
4:30 Loom
16:50 Feudal Age
20:34 Double-Bit Axe
24:32 Fletching
29:27 Castle Age
27:52 Gold Mining
28:22 Padded Archer Armor
29:45 Crossbowman
30:21 Bodkin Arrow
32:03 Bow Saw
Connection lost

Rejoining the realm…

Still unreachable

The connection could not be restored.

Session expired

The server has moved on; the page needs a fresh start.